 Dungeon Crawl Stone Soup version 0.19.5 (webtiles) character file.

106 miragecloak the Changer (level 4, -6/38 HPs)
             Began as a Naga Transmuter on May 4, 2017.
             Mangled by an ogre
             ... wielding a +0 giant spiked club
              (18 damage)
             ... on level 4 of the Dungeon.
             The game lasted 00:02:31 (2768 turns).

miragecloak the Changer (Naga Transmuter)           Turns: 2768, Time: 00:02:32

Health: -6/38      AC:  2    Str: 12    XL:     4   Next: 84%
Magic:  4/7        EV: 19    Int: 14    God:
Gold:   127        SH:  0    Dex: 17    Spells: 2 memorised, 3 levels left

rFire  . . .     SeeInvis +       - Unarmed
rCold  . . .     Gourm    .     (armour currently unavailable)
rNeg   . . .     Faith    .     (shield currently unavailable)
rPois  x         Spirit   .     (helmet currently unavailable)
rElec  .         Reflect  .     (cloak currently unavailable)
rCorr  .         Harm     .     (gloves currently unavailable)
MR     .....                    (no barding)
Stlth  ++........               (no amulet)
                                (no ring)
                                (no ring)

@: spider-form
A: see invisible, (deformed body), (poison resistance), (slowness 0), slow
metabolism 1, spit poison 1, AC +1
a: Spit Poison, End Transformation


You were on level 4 of the Dungeon.
You were not hungry.
You were a venomous arachnid creature.
You visited 1 branch of the dungeon, and saw 4 of its levels.

You collected 127 gold pieces.

Inventory:

Missiles
 a - 59 arrows
Armour
 b - a +0 robe (melded)
Scrolls
 f - 6 scrolls of remove curse {unknown}
 g - 3 scrolls of fear {unknown}
 j - a scroll of amnesia {unknown}
 k - a scroll of enchant armour {unknown}
 n - a scroll of immolation {unknown}
 o - 2 scrolls of teleportation {unknown}
 p - a scroll of noise {unknown}
 r - a scroll of magic mapping {unknown}
 w - a scroll of blinking {unknown}
Potions
 e - a potion of degeneration {unknown}
 h - 2 potions of lignification {unknown}
 i - a potion of brilliance {unknown}
 m - a potion of agility {unknown}
 q - a potion of resistance {unknown}
 t - a potion of might {unknown}
 u - a potion of mutation {unknown}
 v - a potion of curing {unknown}
Books
 c - a book of Changes

   Spells                             Type                      Level
   a - Beastly Appendage              Transmutation                1
   b - Sticks to Snakes               Transmutation                2
   c - Spider Form                    Transmutation/Poison         3
   d - Ice Form                       Ice/Transmutation            4
   e - Blade Hands                    Transmutation                5
Comestibles
 d - 3 bread rations
 l - a meat ration


   Skills:
 - Level 1.0 Fighting
 - Level 1.5 Dodging
 + Level 3.2 Unarmed Combat
 - Level 2.0 Spellcasting
 - Level 4.0 Transmutations
 + Level 2.7 Poison Magic


You had 3 spell levels left.
You knew the following spells:

 Your Spells              Type           Power        Failure   Level  Hunger
a - Beastly Appendage     Tmut           ##....       14%         1    ##.....
b - Spider Form           Tmut/Pois      ##........   41%         3    ####...


Dungeon Overview and Level Annotations

Branches:
Dungeon (4/15)
 Temple: D:4-7

Altars:

Annotations:
D:3 1 runed door, Koyaah's ghost, amateur HEIE


Innate Abilities, Weirdness & Mutations

You cannot wear boots.
((Your serpentine skin is tough. (AC +1)))
You have supernaturally acute eyesight. (SInv)
((Armour fits poorly on your strangely shaped body.))
((Your system is resistant to poisons. (rPois)))
((You cover ground very slowly.))
You have a slow metabolism.
You can spit poison.


Message History

The ogre shouts!
An ogre is nearby!
An ogre is nearby!
Casting: Spider Form
Confirm with . or Enter, or press ? or * to list all spells.
You turn into a venomous arachnid creature.
Your +0 robe melds into your body.
The ogre completely misses you.
You hit the ogre but do no damage.
The ogre is poisoned.
The ogre hits you with a giant spiked club!!
Ouch! That really hurt!
You hit the ogre.
The ogre looks even sicker.
The ogre is lightly wounded.
The ogre closely misses you.
You hit the ogre but do no damage.
The ogre is lightly wounded.
You hit the ogre but do no damage.
The ogre looks as sick as possible!
The ogre is moderately wounded.
The ogre hits you with a giant spiked club!!
You die...

### #..
#.# ###
#O# #<#
#s# #.#
#.####.#
#......#
########


You could see an ogre.

Vanquished Creatures
  Ijyb (D:2)
  3 adders
  A dart slug (D:1)
  4 leopard geckos
  2 orcs (D:3)
  4 giant cockroaches
  6 goblins
  6 hobgoblins
  8 kobolds
  A quokka (D:2)
  3 bats
  2 frilled lizards (D:1)
  6 rats
47 creatures vanquished.

Notes
Turn   | Place    | Note
-------+----------+-------------------------------------------
     0 | D:1      | miragecloak the Naga Transmuter began the quest for the Orb.
     0 | D:1      | Reached XP level 1. HP: 18/18 MP: 3/3
   370 | D:1      | Reached XP level 2. HP: 12/25 MP: 3/5
   602 | D:1      | Reached skill level 3 in Transmutations
  1115 | D:1      | Reached XP level 3. HP: 29/31 MP: 4/6
  1571 | D:2      | Reached skill level 4 in Transmutations
  1581 | D:2      | Learned a level 3 spell: Spider Form
  1663 | D:2      | Reached XP level 4. HP: 22/38 MP: 0/7
  1742 | D:2      | Noticed Ijyb
  1755 | D:2      | Killed Ijyb
  2651 | D:3      | Found a runed door.
  2689 | D:3      | Noticed Koyaah's ghost (amateur HEIE)
  2762 | D:4      | Noticed an ogre
  2768 | D:4      | Mangled by an ogre

Skill      XL: |  1  2  3  4 |
---------------+-------------+-----
Transmutations | 3 4 |  4.0
Poison Magic   | 2 |  2.7
Fighting       | |  1.0
Dodging        | |  1.5
Unarmed Combat | |  3.2
Spellcasting   | |  2.0

Action                   |  1- 3 |  4- 6 || total
-------------------------+-------+-------++-------
Melee: Unarmed           |   103 |    52 ||   155
       Headbutt          |    11 |       ||    11
       Punch             |     1 |       ||     1
 Cast: Beastly Appendage |    29 |       ||    29
       Spider Form       |     2 |    10 ||    12
 Abil: Spit Poison       |     1 |       ||     1
 Stab: Sleeping          |     1 |     1 ||     2
  Eat: Chunk             |     1 |     6 ||     7
Armor: Robe              |     9 |       ||     9
       Skin              |       |     5 ||     5
Dodge: Dodged            |    42 |    46 ||    88
